 Dungeon Crawl Stone Soup version 0.19.4-10-g532645f (webtiles) character file.

84 Gargoyl the Skirmisher (level 4, -1/40 HPs)
             Began as a Ghoul Abyssal Knight on Feb 25, 2017.
             Was a Believer of Lugonu.
             Slain by an adder (4 damage)
             ... on level 2 of the Dungeon.
             The game lasted 00:05:36 (1997 turns).

Gargoyl the Skirmisher (Ghoul Abyssal Knight)       Turns: 1997, Time: 00:05:36

Health: -1/40      AC:  6    Str: 15    XL:     4   Next: 46%
Magic:  4/4        EV:  6    Int:  7    God:    Lugonu [**....]
Gold:   99         SH:  8    Dex:  9    Spells: 0 memorised, 3 levels left

rFire  . . .     SeeInvis .     n - +0 war axe
rCold  + . .     Gourm    .     l - +0 scale mail
rNeg   + + +     Faith    .     d - +1 shield
rPois  ∞         Spirit   .     (no helmet)
rElec  .         Reflect  .     (no cloak)
rCorr  .         Harm     .     (no gloves)
MR     .....                    (no boots)
Stlth  ..........               (no amulet)
                                (no ring)
                                (no ring)

@: rotting
A: rotting body, claws 1, carnivore 3, cold resistance 1, negative energy
resistance 3, slow regeneration 1, torment resistance, unbreathing
a: Depart the Abyss, Bend Space, Renounce Religion


You were on level 2 of the Dungeon.
You worshipped Lugonu.
Lugonu was pleased with you.
You were not hungry.

You visited 1 branch of the dungeon, and saw 2 of its levels.
You visited the Abyss 1 time.

You collected 99 gold pieces.

Inventory:

Hand Weapons
 a - a +1 hand axe
 e - a +0 whip of freezing
 n - a +0 war axe (weapon)
Armour
 d - a +1 shield (worn)
 l - a +0 scale mail (worn)
Jewellery
 f - an uncursed ring of fire {unknown}
 g - an uncursed ring of protection from fire {unknown}
 j - an uncursed ring of magical power {unknown}
 k - a cursed ring of loudness {unknown}
 o - a +4 amulet of reflection {unknown}
Scrolls
 i - a scroll of amnesia
Potions
 h - a potion of lignification
Comestibles
 c - 2 meat rations
 m - a beef jerky


   Skills:
 + Level 3.8 Fighting
 + Level 2.4 Axes
 * Level 2.2 Armour
 + Level 1.2 Dodging
 + Level 1.2 Shields
 * Level 2.5 Invocations


You had 3 spell levels left.
You didn't know any spells.

Dungeon Overview and Level Annotations

Branches:
Dungeon (2/15)

Altars:
Fedhas


Innate Abilities, Weirdness & Mutations

Your body is rotting away.
You thrive on raw meat.
You are immune to poison.
You have sharp fingernails.
You are carnivorous and can eat meat at any time.
Your flesh is cold resistant. (rC+)
You are immune to negative energy. (rN+++)
You regenerate slowly when monsters are visible.
You are immune to unholy pain and torment.
You can survive without breathing.


Message History

The adder bites you but does no damage. The adder closely misses you.
You closely miss the adder.
The adder is moderately wounded.
The adder barely misses you.
You miss the adder.
The adder is moderately wounded.
The adder bites you.
* * * LOW HITPOINT WARNING * * *
The adder bites you.
* * * LOW HITPOINT WARNING * * *
You closely miss the adder.
The adder is moderately wounded.
You block the adder's attack. The adder bites you but does no damage.
You hit the adder but do no damage.
The adder is moderately wounded.
The adder bites you but does no damage. You block the adder's attack.
You barely miss the adder.
The adder is moderately wounded.
The adder bites you.
You die...

#
####....#.......)......[.....
#..#....<.......#.........##.
#
#...............(.#.......##.
##
#.#.........##....#......###.
.####.#.................#...##
#.
......##.....###.###..###.#.#
#. .............# #.#
#..###.#.# #.
...#####..#..###'###÷.....#.#
..
.#.#####.....###@S........#.#
..
.#...........###'###..##.....
.##..........# #.# #.........
###..........###.###..##...##
####....##.........## ..# #
#...###.....#..## .#
######.....####..#.##
....##...#.####....###.#
........................


You could see an adder.

Vanquished Creatures
  2 adders (D:2)
  An ooze (D:2)
  4 dart slugs
  3 leopard geckos
  A ball python (D:2)
  9 goblins
  7 hobgoblins
  A quokka (D:2)
  9 bats
  3 frilled lizards
  6 kobolds
  4 rats
50 creatures vanquished.

Notes
Turn   | Place    | Note
-------+----------+-------------------------------------------
     0 | Abyss:1  | Gargoyl the Ghoul Abyssal Knight began the quest for the Orb.
     0 | Abyss:1  | Reached XP level 1. HP: 19/19 MP: 1/1
    99 | Abyss:1  | Noticed a jelly
   103 | Abyss:1  | Noticed a wretched star
   106 | D:1      | Escaped the Abyss
   270 | D:1      | Reached skill level 1 in Dodging
   594 | D:1      | Reached XP level 2. HP: 24/27 MP: 2/2
   679 | D:1      | Reached * piety under Lugonu
  1001 | D:1      | Reached XP level 3. HP: 33/33 MP: 3/3
  1495 | D:2      | Reached skill level 1 in Shields
  1495 | D:2      | Reached XP level 4. HP: 26/40 MP: 4/4
  1538 | D:2      | Found a blossoming altar of Fedhas.
  1883 | D:2      | Reached ** piety under Lugonu
  1997 | D:2      | Slain by an adder

Skill      XL: |  1  2  3 |
---------------+----------+-----
Dodging        | 1 |  1.2
Axes           | 2 |  2.4
Armour         | 2 |  2.2
Shields        | 1 |  1.2
Fighting       | |  3.8
Invocations    | |  2.5

Action                   |  1- 3 |  4- 6 || total
-------------------------+-------+-------++-------
Melee: Hand axe          |   116 |    16 ||   132
       War axe           |       |    82 ||    82
Invok: Depart the Abyss  |     1 |       ||     1
  Use: Scroll            |     6 |       ||     6
       Potion            |       |     1 ||     1
  Eat: Chunk             |    18 |    16 ||    34
Armor: Leather armour    |    53 |       ||    53
       Scale mail        |       |    54 ||    54
Dodge: Dodged            |    62 |    43 ||   105
Block: Shield            |    50 |    65 ||   115
